 Dungeon Crawl Stone Soup version 0.26.1-11-gd32895ea62 (webtiles) character file.

Game seed: 7667261515181171305

814 Exodus22XD the Chopper (level 7, -2/61 HPs)
             Began as a Hill Orc Monk on Apr 26, 2021.
             Was a Believer of Beogh.
             Slain by an ogre
             ... wielding a +0 giant spiked club
              (16 damage)
             ... on level 5 of the Dungeon.
             The game lasted 00:08:03 (6182 turns).

Exodus22XD the Chopper (Hill Orc Monk)              Turns: 6182, Time: 00:08:03

Health: -2/61      AC: 11    Str: 19    XL:     7   Next: 93%
Magic:  9/9        EV: 12    Int: 10    God:    Beogh [**....]
Gold:   250        SH:  5    Dex: 13    Spells: 6/6 levels left

rFire    . . .     SeeInvis .   y - +0 war axe
rCold    . . .     Faith    .   (no shield)
rNeg     + . .     Spirit   .   n - +2 ring mail {rPois}
rPois    +         Reflect  +   (no helmet)
rElec    .         Harm     .   r - +0 cloak
rCorr    .         Rampage  .   v - +0 pair of gloves
Will     +....                  w - +0 pair of boots
Stlth    +.........             k - amulet of reflection
HPRegen  0.20/turn              p - ring of positive energy
MPRegen  0.11/turn              c - ring "Entut" {Will+ Str+3}

@: no status effects
A: no striking features
a: Renounce Religion, Smiting


You were on level 5 of the Dungeon.
You worshipped Beogh.
Beogh was pleased with you.
You visited 1 branch of the dungeon, and saw 5 of its levels.
You also visited: Sewer.

You collected 250 gold pieces.

Inventory:

Hand Weapons
 y - a +0 war axe (weapon)
Armour
 n - a +2 ring mail of poison resistance (worn)
 o - a +0 scale mail
 r - a +0 cloak (worn)
 v - a +0 pair of gloves (worn)
 w - a +0 pair of boots (worn)
Jewellery
 c - the ring "Entut" (right hand) {Will+ Str+3}
   (You found it on level 4 of the Dungeon)

   [ring of willpower]

   It affects your strength (+3).
   It affects your willpower, your defense against some magical effects.
 f - an uncursed amulet of regeneration
 k - an amulet of reflection (around neck)
 p - a ring of positive energy (left hand)
Wands
 t - a wand of disintegration (20)
Scrolls
 d - a scroll of immolation
 e - 4 scrolls of teleportation
 i - a scroll of fog
 j - 2 scrolls of blinking
 l - a scroll of remove curse
 m - 2 scrolls of random uselessness {unknown}
 u - a scroll of enchant weapon {unknown}
 x - a scroll of amnesia {unknown}
Potions
 b - a potion of attraction {unknown}
 g - 2 potions of lignification {unknown}
 h - 4 potions of flight
 q - 2 potions of heal wounds
 s - a potion of ambrosia {unknown}


   Skills:
 + Level 5.1 Fighting
 + Level 7.7 Axes
 * Level 5.4 Armour
 - Level 2.4 Dodging
 - Level 1.5 Stealth
 + Level 2.0 Shields
 * Level 3.2 Invocations


You had 6 spell levels left.
You didn't know any spells.
Your spell library was empty.

Dungeon Overview and Level Annotations

Branches:
Dungeon (5/15)              Sewer (visited)
 Temple: D:4-7

Altars:


Message History

You hit the ogre.
The ogre is lightly wounded.
The ogre hits you with a +0 giant spiked club!!
You completely miss the ogre.
The ogre is lightly wounded.
You slash the ogre!
The ogre is heavily wounded.
The ogre hits you with a +0 giant spiked club!
You are too injured to fight recklessly!
You barely miss the ogre.
The ogre is heavily wounded.
The ogre barely misses you.
You barely miss the ogre.
The ogre is heavily wounded.
The ogre hits you with a +0 giant spiked club!
* * * LOW HITPOINT WARNING * * *
You slash the ogre!
The ogre is almost dead.
The ogre hits you with a +0 giant spiked club!
You die...

.....#.# #####
##.#...#####...#
#...>..........#
.....#######...#
#...## ##.##
##.## #.# #.#
#.#### #.#
#.<..# ####
####@# #...###
#O# ......## #.#
.###...## ...
##$##...# #.#
...##...# ...
####...## #.#
......##.. ..#
....###..


You could see an ogre.

Vanquished Creatures
  Grinder (D:4)
  An ogre (D:4)
  A big kobold (Sewer)
  A howler monkey (D:4)
  A bullfrog zombie (D:5)
  3 iguanas
  Ijyb (D:4)
  2 worker ants
  8 adders
  3 river rats (Sewer)
  An ooze (D:1)
  An adder skeleton (D:3)
  4 worms
  3 dart slugs
  7 leopard geckos
  5 orcs (D:3)
  2 ball pythons (D:2)
  2 giant cockroaches
  8 goblins
  9 hobgoblins
  6 jackals
  4 quokkas
  5 bats
  8 frilled lizards
  11 kobolds
  7 rats
105 creatures vanquished.

Vanquished Creatures (others)
  A kobold (Sewer)
1 creature vanquished.

Grand Total: 106 creatures vanquished

Notes
Turn   | Place    | Note
-------+----------+-------------------------------------------
     0 | D:1      | Exodus22XD the Hill Orc Monk began the quest for the Orb.
     0 | D:1      | Reached XP level 1. HP: 19/19 MP: 1/1
   322 | D:1      | Reached XP level 2. HP: 24/27 MP: 2/2
   329 | D:1      | Reached skill level 1 in Armour
   542 | D:1      | Reached XP level 3. HP: 32/33 MP: 3/3
  1421 | D:2      | Reached skill level 5 in Axes
  1421 | D:2      | Reached XP level 4. HP: 40/40 MP: 4/4
  2464 | D:3      | Reached XP level 5. HP: 25/47 MP: 5/5
  3460 | D:3      | Reached skill level 6 in Axes
  3507 | D:3      | Became a worshipper of Beogh the Brigand
  3507 | D:3      | Reached * piety under Beogh
  3507 | D:3      | Reached ** piety under Beogh
  3632 | D:4      | Noticed Ijyb
  3646 | D:4      | Killed Ijyb
  3890 | D:4      | Reached XP level 6. HP: 49/53 MP: 6/6
  4044 | D:4      | Reached skill level 1 in Invocations
  4335 | D:4      | Found a glowing drain.
  4341 | Sewer    | Entered a sewer
  4353 | Sewer    | Reached skill level 1 in Shields
  4631 | Sewer    | Found a glowing silver altar of Zin.
  4829 | D:4      | Reached skill level 7 in Axes
  4829 | D:4      | Reached XP level 7. HP: 30/60 MP: 8/8
  5043 | D:4      | Got a clouded golden ring
  5072 | D:4      | Identified the ring "Entut" {Will+ Str+3} (You found it on
                  | level 4 of the Dungeon)
  5335 | D:4      | Noticed Grinder
  5357 | D:4      | Paralysed by Grinder for 3 turns
  5370 | D:4      | Killed Grinder
  5371 | D:4      | Reached skill level 5 in Fighting
  5371 | D:4      | Reached skill level 5 in Armour
  5868 | D:5      | Entered Level 5 of the Dungeon
  6182 | D:5      | Slain by an ogre

Illustrated notes

Levels and vault maps discovered:
D:1:      heliophobic_arrival_dark_side_of_the_moon, layout_basic, minivault_5,
          chequers_serial_rivers_micro_c, st_stairs_3, nrook_mini_vaults
D:2:      layout_basic, minmay_shallow_snake_nest
D:3:      layout_basic
D:4:      layout_layer_cave, gup_sewer_entry_bubbles, minmay_misc_feat_tower,
          roderic_malta_cross, hangedman_decor_push, kennysheep_potato,
          uniq_ijyb, uniq_grinder
D:5:      layout_loops_corners, minmay_puff, uniq_pikel

Skill      XL: |  1  2  3  4  5  6  7 |
---------------+----------------------+-----
Armour         | 1 2 3 4 5 |  5.4
Fighting       | 4 5 |  5.1
Axes           | 5 6 7 |  7.7
Invocations    | 2 3 |  3.2
Shields        | 1 2 |  2.0
Dodging        | |  2.4
Stealth        | |  1.5

Action                   |  1- 3 |  4- 6 |  7- 9 || total
-------------------------+-------+-------+-------++-------
Melee: Hand axe          |   119 |   357 |    47 ||   523
       War axe           |       |       |    13 ||    13
Invok: Convert to Beogh  |       |     1 |       ||     1
  Use: Scroll            |       |     5 |     2 ||     7
       Potion            |       |     1 |     1 ||     2
Armor: Ring mail         |    44 |    78 |    11 ||   133
Dodge: Dodged            |    77 |   146 |    16 ||   239
Block: Other             |     5 |    76 |     4 ||    85
       Reflection        |       |     3 |       ||     3
